Map: Eternal Empire LE

Players

starkiller - Winner!

  • Race: Zerg Zerg
  • League: Grandmaster
  • Spawn Location: 1:00

A.I. 2 (Very Easy)

  • Race: Terran Terran
  • Spawn Location: 7:00

VOD

Have the link to the VOD?

Description

Time

  • Played on: Sept. 12, 2020, 5:14 p.m.
  • Length: 10:08
Show
View Real Time Build Order
Export as new Build Order

starkiller Zerg - Winner!

Build Orders: Hatch First 

Get SALT Encoding   

  12  0:01  Drone  
  13  0:08  Drone  
  14  0:15  Extractor  
  14  0:16  Drone  
  15  0:21  Overlord  
  15  0:40  Drone x2  
  17  0:52  Hatchery  
  17  0:55  Drone  
  17  0:59  Drone  
  18  1:09  Extractor  
  17  1:14  Spawning Pool  
  17  1:17  Drone  
  17  1:20  Drone  
  18  1:27  Drone  
  19  1:38  Overlord  
  19  1:49  Drone  
  20  2:01  Queen  
  20  2:02  Zergling x2  
  20  2:03  Queen  
  20  2:04  Zergling x2  
  26  2:10  Drone  
  26  2:11  Metabolic Boost  
  26  2:15  Drone  
  28  2:24  Drone  
  28  2:26  Drone  
  30  2:32  Drone  
  30  2:37  Drone  
  32  2:39  Queen  
  32  2:42  Overlord  
  34  2:49  Lair  
  34  2:51  Extractor  
  33  2:52  Drone  
  33  2:54  Drone  
  33  2:57  Drone  
  36  3:05  Drone  
  37  3:08  Overlord  
  37  3:10  Drone x3  
  37  3:11  Drone  
  41  3:15  Drone x2  
  41  3:19  Overlord  
  43  3:24  Drone  
  44  3:27  Drone  
  44  3:29  Extractor  
  44  3:31  Extractor  
  44  3:33  Drone  
  44  3:38  Drone  
  45  3:42  Drone  
  45  3:43  Drone x2  
  48  3:49  Spire  
  48  3:54  Drone x3  
  48  3:55  Drone x2  
  52  4:00  Drone  
  53  4:04  Overlord  
  53  4:14  Zergling x4  
  55  4:18  Zergling x2  
  55  4:23  Overlord  
  56  4:28  Overlord  
  56  4:30  Hatchery  
  55  4:50  Overlord  
  55  5:01  Mutalisk x8  
  55  5:04  Drone x3  
  74  5:11  Evolution Chamber x2  
  74  5:12  Roach Warren, Drone  
  72  5:15  Drone x3  
  72  5:17  Drone  
  76  5:25  Drone x2  
  78  5:32  Drone x2  
  78  5:34  Drone x2  
  82  5:37  Zerg Missile Weapons Level 1, Zerg Ground Armor Level 1  
  82  5:41  Drone  
  83  5:45  Drone x2  
  83  5:47  Drone  
  88  5:50  Drone x3  
  88  5:56  Glial Reconstitution, Drone x2  
  91  6:00  Extractor, Drone x4  
  91  6:01  Extractor  
  93  6:10  Drone  
  94  6:13  Hatchery  
  94  6:17  Overlord  
  94  6:18  Overlord x2  
  93  6:27  Roach  
  93  6:28  Roach  
  97  6:36  Overlord x2  
  97  6:38  Roach x8  
  113  6:45  Roach x3  
  113  6:46  Roach  
  121  6:52  Overlord x2  
  121  6:56  Overlord  
  121  6:59  Overlord  
  121  7:03  Roach  
  121  7:04  Roach x3  
  121  7:07  Overlord  
  129  7:11  Roach x2  
  129  7:12  Roach x2  
  137  7:18  Roach  
  137  7:19  Roach x3  
  137  7:21  Roach  
  137  7:22  Roach x2  
  151  7:24  Overlord  
  151  7:25  Roach  
  151  7:27  Roach  
  151  7:29  Roach  
  157  7:33  Roach  
  157  7:36  Roach  
  163  7:37  Roach  
  163  7:39  Roach x4  
  163  7:42  Overlord  
  171  7:47  Ravager x11  
  171  7:49  Ravager  
  183  7:51  Ravager  
  183  7:53  Roach  
  183  7:54  Roach  
  183  7:55  Overlord  
  183  7:56  Roach  
  183  7:57  Roach  
  192  8:01  Queen  
  192  8:02  Roach  
  192  8:03  Roach  
  192  8:04  Roach  
  200  8:27  Baneling Nest  
  199  8:34  Infestation Pit  
  199  8:37  Drone x2  
  200  8:48  Drone x10  
  198  9:00  Hatchery  
  197  9:12  Zergling x6  
  194  9:18  Zergling x12  
  194  9:19  Zergling x4  
  194  9:23  Baneling x10  
  200  9:32  Overlord  
Show
View Real Time Build Order
Export as new Build Order

A.I. 2 (Very Easy) Terran 

Build Orders:  

Get SALT Encoding   

  12  0:00  SCV  
  13  0:13  SCV  
  14  0:19  Supply Depot  
  14  0:37  Refinery  
  14  0:43  Barracks  
  14  1:06  Supply Depot  
  14  1:12  Refinery  
  14  1:30  Marine  
  14  1:31  Orbital Command  
  15  1:56  SCV  
  16  2:08  SCV  
  17  2:16  Marine  
  17  2:20  SCV  
  19  2:33  SCV  
  19  2:34  Barracks Tech Lab  
  20  2:45  SCV  
  21  2:57  SCV  
  22  3:02  Marauder  
  24  5:38  SCV  
  24  5:53  Marine  
  24  5:55  Supply Depot  
  23  6:22  Marauder  
  25  6:32  SCV  
  19  6:44  SCV  
  19  6:46  Factory  
  15  6:50  Command Center  
  15  6:51  Marine  
  16  6:56  SCV  
  17  7:08  SCV  
  16  7:19  Marine  
  16  7:20  SCV  
  16  7:32  SCV  
  16  7:35  Starport  
  16  7:44  SCV  
  16  7:49  Marauder  
  19  7:56  SCV  
  20  8:01  SCV  
  20  8:05  Refinery  
  21  8:08  SCV  
  22  8:15  Refinery  
  22  8:16  SCV  
  22  8:17  Starport Tech Lab  
  22  8:18  Hellion  
  20  8:23  SCV  
  21  8:30  SCV  
  22  8:36  Raven  
  22  8:37  SCV  
  25  8:45  SCV  
  25  8:46  Marauder  
  28  8:52  SCV  
  29  8:59  SCV  
  30  9:06  SCV  
  31  9:13  SCV  
  31  9:15  Marauder  
  34  9:19  Raven  
  34  9:20  SCV  
  37  9:27  SCV  
  38  9:32  Supply Depot  
  38  9:35  SCV  
  39  9:42  SCV  
  39  9:43  Hellion  
  37  9:49  SCV  
Tags
 
Add a new tag
Caveats
  • Supply blocks, unpowered buildings, or Contaminate may cause inaccurate times.
  • Supply counts are checked every 10 seconds.